Map: Frostline LE

Players

Lambo - Winner!

  • Race: Zerg Zerg
  • League: Grandmaster
  • Spawn Location: 1:00

Nicoract

  • Race: Terran Terran
  • League: Grandmaster
  • Spawn Location: 7:00

VOD

https://www.patreon.com/posts/120969629

Description

Time

  • Played on: March 20, 2025, 9:52 a.m.
  • Length: 7:34
Show
View Real Time Build Order
Export as new Build Order

Lambo Zerg - Winner!

Build Orders: Hatch First 

Get SALT Encoding   

  12  0:00  Drone  
  13  0:08  Drone  
  14  0:14  Drone, Extractor  
  15  0:34  Hatchery  
  14  0:40  Drone, Extractor  
  15  0:46  Overlord  
  15  1:01  Spawning Pool  
  14  1:04  Drone  
  14  1:07  Drone  
  16  1:12  Drone  
  16  1:15  Drone  
  18  1:26  Drone  
  19  1:36  Drone  
  20  1:47  Drone x2  
  20  1:48  Queen  
  20  1:51  Queen  
  26  1:57  Drone  
  26  1:58  Overlord  
  27  2:08  Drone  
  27  2:14  Hatchery  
  27  2:18  Drone  
  27  2:19  Drone  
  27  2:21  Drone  
  30  2:32  Drone, Queen  
  30  2:37  Overlord  
  33  2:40  Drone  
  33  2:41  Drone  
  35  2:47  Extractor  
  35  2:51  Drone  
  35  2:58  Drone  
  36  3:01  Drone x3  
  36  3:02  Drone x3  
  36  3:03  Drone  
  36  3:04  Drone  
  44  3:11  Roach Warren  
  43  3:18  Queen, Extractor  
  44  3:21  Overlord  
  44  3:22  Overlord  
  44  3:26  Drone x2  
  46  3:28  Overlord  
  46  3:33  Drone x3  
  49  3:34  Drone  
  49  3:39  Drone  
  51  3:42  Evolution Chamber  
  51  3:47  Drone  
  51  3:48  Evolution Chamber  
  51  3:53  Roach  
  51  3:54  Roach x3  
  58  3:59  Overlord  
  58  4:00  Drone x2  
  58  4:02  Drone  
  61  4:04  Drone, Evolution Chamber  
  61  4:06  Drone  
  64  4:10  Evolution Chamber  
  64  4:12  Drone x3  
  67  4:17  Evolution Chamber  
  67  4:19  Drone x4  
  67  4:22  Lair  
  70  4:26  Drone x2  
  72  4:33  Drone x2  
  74  4:39  Overlord  
  74  4:40  Zerg Ground Armor Level 1, Overlord x2  
  74  4:41  Extractor  
  74  4:44  Extractor  
  74  4:45  Overlord  
  72  4:46  Drone x2  
  74  4:53  Overlord  
  74  4:54  Extractor  
  74  4:55  Drone  
  74  4:58  Extractor, Zerg Missile Weapons Level 1  
  74  4:59  Drone x5  
  78  5:00  Drone  
  78  5:02  Drone  
  78  5:04  Drone  
  81  5:07  Drone  
  81  5:08  Drone x2  
  81  5:10  Drone  
  85  5:16  Overlord  
  85  5:20  Roach x2  
  89  5:27  Roach  
  89  5:28  Glial Reconstitution, Roach x3  
  97  5:32  Overlord  
  97  5:34  Overseer  
  97  5:36  Roach x4  
  97  5:40  Overlord  
  105  5:45  Roach x2  
  105  5:46  Overlord  
  105  5:48  Overlord  
  105  5:49  Roach x2  
  113  5:54  Overlord  
  113  5:55  Roach  
  113  5:56  Roach x2  
  119  6:00  Overlord  
  119  6:04  Overseer  
  119  6:05  Overlord  
  119  6:07  Ravager  
  119  6:08  Roach x5  
  130  6:18  Roach x8  
  130  6:23  Roach  
  148  6:27  Ravager x2  
  148  6:29  Roach  
  148  6:30  Roach  
  154  6:36  Roach  
  154  6:37  Ravager  
  159  6:40  Roach x2  
  159  6:47  Hatchery  
  160  6:48  Drone x2  
  160  6:50  Roach x3, Infestation Pit  
  160  6:51  Baneling Nest  
  166  6:59  Roach x5  
  158  7:05  Roach x3  
  150  7:29  Ravager  
Show
View Real Time Build Order
Export as new Build Order

Nicoract Terran 

Build Orders: Reaper Expand 

Get SALT Encoding   

  12  0:00  SCV  
  13  0:12  SCV  
  14  0:16  Supply Depot  
  14  0:24  SCV  
  15  0:38  SCV  
  15  0:40  Barracks  
  16  0:43  Refinery  
  16  0:50  SCV  
  17  1:02  SCV  
  18  1:14  SCV  
  19  1:27  Orbital Command, Reaper  
  20  1:37  Command Center  
  20  1:47  Supply Depot  
  20  1:53  SCV  
  21  1:59  Marine  
  22  2:06  SCV  
  22  2:08  Factory  
  23  2:18  SCV  
  23  2:21  Barracks Reactor  
  24  2:30  SCV  
  24  2:34  Command Center  
  25  2:42  SCV  
  26  2:49  Orbital Command  
  26  2:54  SCV  
  27  3:00  Barracks  
  27  3:05  Hellion x2  
  31  3:07  SCV  
  31  3:10  Barracks Tech Lab  
  32  3:16  SCV  
  32  3:17  Refinery  
  32  3:19  SCV  
  34  3:28  SCV  
  34  3:30  Hellion x2  
  34  3:31  SCV  
  40  3:36  Stimpack  
  40  3:39  Marine  
  40  3:40  SCV  
  42  3:43  SCV  
  42  3:46  Orbital Command  
  43  3:52  SCV  
  44  3:55  SCV  
  44  3:56  Starport  
  44  3:58  Marine x3  
  44  3:59  Factory Reactor  
  48  4:04  SCV  
  48  4:08  SCV  
  50  4:10  Supply Depot  
  50  4:13  Supply Depot  
  50  4:17  Marine x3  
  50  4:18  SCV x2  
  50  4:23  SCV  
  56  4:30  SCV  
  56  4:31  SCV  
  58  4:34  Supply Depot  
  58  4:35  Marine x3  
  58  4:37  Supply Depot  
  58  4:38  SCV  
  62  4:43  SCV x2  
  62  4:44  Medivac x2  
  62  4:45  Factory Tech Lab  
  68  4:55  SCV x3  
  68  4:58  Engineering Bay  
  68  4:59  Barracks  
  71  5:02  Engineering Bay  
  71  5:03  Marine x3  
  74  5:09  Siege Tank  
  74  5:12  Orbital Command, Refinery  
  77  5:15  SCV x2  
  79  5:21  Marine  
  79  5:22  Refinery, Marauder, Marine  
  79  5:27  SCV x2, Starport Reactor  
  85  5:33  Supply Depot  
  85  5:35  Supply Depot  
  85  5:38  SCV  
  85  5:39  SCV x2  
  88  5:48  Marine x2  
  90  5:50  Marine  
  90  5:54  Barracks  
  90  5:55  Barracks, Combat Shield  
  91  6:03  SCV  
  91  6:04  SCV x2  
  94  6:09  Marine x3  
  94  6:10  Marauder, Marine  
  99  6:12  Siege Tank  
  99  6:15  SCV  
  99  6:16  SCV x2  
  105  6:25  Supply Depot x2  
  105  6:26  Supply Depot  
  105  6:27  Medivac, Marine  
  105  6:28  SCV  
  105  6:31  Marine x3  
  105  6:32  Medivac, SCV  
  115  6:35  Bunker  
  115  6:37  Marauder  
  117  6:43  Marine x2  
  117  6:45  Marine  
  120  6:48  Siege Tank  
  120  6:49  SCV, Marine  
  120  6:50  SCV  
  123  6:58  Marauder  
  101  7:01  Marine  
  101  7:06  Marine x2  
  82  7:11  Marine x3  
  72  7:18  SCV  
  72  7:19  SCV  
Tags
 
Add a new tag
Caveats
  • Supply blocks, unpowered buildings, or Contaminate may cause inaccurate times.
  • Supply counts are checked every 10 seconds.